AoeStats
← MooSkita

QS Arena

503264992Analyzed
2v2 RM · 1mo ago on Aug 30, 2026· 37m 23s· 4 players
Game mode
Random Map
Map size
Medium (4 player)
Population
200
Speed
Normal
Resources
Standard
Victory
Conquest
Starting age
Dark Age
Ending age
Imperial Age
RankedLock teamsTeams togetherTeam positionsShared explorationLock speedFull tech treeHidden civsTurbo modeCheats
Victory
Defeat
🇦🇷 Turks · Argentina
775
+14
🇦🇷 Franks · Argentina
680
+18
🇪🇸 Goths · Spain
879
-50
574
-9
MooSkita
2:53 Loom
8:26 Feudal Age
8:52 Horse Collar
8:58 Double-Bit Axe
17:08 Castle Age
17:05 Stone Mining
20:24 Stone Shaft Mining
20:07 Squires
19:29 Man-at-Arms
20:15 Long Swordsman
22:31 Fletching
23:00 Forging
24:47 Iron Casting
24:13 Scale Mail Armor
24:25 Heavy Plow
28:29 Anarchy
29:39 Gold Mining
30:02 Bow Saw
33:12 Imperial Age
32:14 Wheelbarrow
31:25 Town Watch
32:19 Wheelbarrow
31:32 Town Watch
32:59 Scale Mail Armor
33:03 Fletching
34:27 Perfusion
35:57 Blast Furnace
36:03 Chain Mail Armor
35:37 Elite Huskarl
☯︎ PΔTΔS DΞ STΞΞL ☯
11:44 Feudal Age
12:24 Horse Collar
12:30 Double-Bit Axe
15:09 Gold Mining
15:13 Stone Mining
18:58 Castle Age
17:20 Fletching
17:48 Padded Archer Armor
19:41 Wheelbarrow
19:39 Heavy Plow
19:50 Bow Saw
31:19 Ballistics
31:16 Caravan
34:37 Hand Cart
36:29 Thumb Ring
Den0f
8:56 Feudal Age
15:12 Castle Age
13:48 Stone Mining
14:20 Padded Archer Armor
14:35 Double-Bit Axe
31:15 Imperial Age
30:42 Wheelbarrow
Alice Cooper
5:39 Loom
8:33 Feudal Age
13:00 Castle Age
12:36 Double-Bit Axe
19:01 Scale Barding Armor
19:40 Forging
22:44 Iron Casting
22:30 Chain Barding Armor
22:14 Husbandry
31:37 Imperial Age
31:34 Wheelbarrow
33:50 Hand Cart
35:41 Cavalier
Connection lost

Rejoining the realm…

Still unreachable

The connection could not be restored.

Session expired

The server has moved on; the page needs a fresh start.